 Dungeon Crawl Stone Soup version 0.27-a0-1548-gf8a67e7463 (webtiles) character file.

Game seed: 909891846167980463

237 lunkers the Insei (level 6, -1/43 HPs)
             Began as a Djinni Warper on July 13, 2021.
             Slain by an iguana (6 damage)
             ... on level 4 of the Dungeon.
             The game lasted 00:04:05 (4030 turns).

lunkers the Insei (Djinni Warper)                   Turns: 4030, Time: 00:04:06

Health: -1/43      AC:  3    Str: 10    XL:     6   Next: 28%
Gold:   77         EV: 15    Int: 17    God:
                   SH:  3    Dex: 12

rFire    + + .     SeeInvis .     - Unarmed
rCold    x . .     Faith    .   i - +0 buckler
rNeg     . . .     Spirit   .   a - +0 leather armour
rPois    ∞         Reflect  .   (no helmet)
rElec    .         Harm     .   (no cloak)
rCorr    .         Rampage  .   (no gloves)
Will     .....                  (boots unavailable)
Stlth    +.........             (no amulet)
HPRegen  0.14/turn              m - +4 ring of evasion
MPRegen  0.00/turn              (no ring)

@: flying, hasted, very quick
A: sickness immunity, fire resistance 2, cold vulnerability 1, float, innate
caster, hp casting, extra vitality 1
a: no special abilities


You were on level 4 of the Dungeon.
You visited 1 branch of the dungeon, and saw 4 of its levels.

You collected 77 gold pieces.

Inventory:

Missiles
 c - 4 boomerangs of dispersal
 k - 30 stones
 r - 7 atropa-tipped darts
Armour
 a - a +0 leather armour (worn)
 i - a +0 buckler (worn)
Jewellery
 m - a +4 ring of evasion (left hand)
Wands
 n - a wand of flame (4)
Scrolls
 e - a scroll of identify
 f - a scroll of fear {unknown}
 j - a scroll of holy word {unknown}
Potions
 d - a potion of mutation {unknown}
 g - a potion of haste
 h - a potion of magic {unknown}
 l - a potion of ambrosia {unknown}
 o - a potion of brilliance {unknown}
 p - a potion of heal wounds {unknown}
 q - a potion of berserk rage {unknown}


   Skills:
 - Level 2.0 Fighting
 - Level 0.7 Throwing
 - Level 1.0 Armour
 - Level 2.1 Dodging
 - Level 4.1 Unarmed Combat
 * Level 4.1 Spellcasting


You couldn't memorise any spells.
You knew the following spells:

 Your Spells              Type           Power      Damage    Failure   Level
a - Pain                  Necr           68%        1d7       6%          1
b - Lesser Beckoning      Tloc           8%         N/A       19%         3
c - Gell's Gravitas       Tloc           8%         N/A       19%         3
d - Teleport Other        Tloc           17%        N/A       19%         3
e - Manifold Assault      Tloc           17%        N/A       87%         5
f - Corpse Rot            Necr/Air       N/A        N/A       10%         2
p - Blink                 Tloc           N/A        N/A       10%         2
Your spell library was empty.

Dungeon Overview and Level Annotations

Branches:
Dungeon (4/15)
 Temple: D:4-7

Altars:
Wu Jian

Shops:
D:1 =

Annotations:
D:2 Sigmund


Innate Abilities, Weirdness & Mutations

You are immune to sickness and miasma.
You are immune to poison.
Your flesh is very heat resistant. (rF++)
You are vulnerable to cold. (rC-)
You float through the air rather than walking.
You learn spells naturally, not from books.
Your magical power is your life essence.
You have superior vitality. (+4 HP)


Message History

Aim: a kobold brigand, wielding a +0 whip and quivering poisoned darts (60% to hit)
The puff of flame hits the kobold brigand.
The kobold brigand is lightly wounded.
The kobold brigand throws a poisoned dart.
The poisoned dart closely misses you.
An iguana comes into view.
Aiming: Throw Flame
Press: ? - help, Shift-Dir - straight line, f/p - kobold brigand
Aim: a kobold brigand, wielding a +0 whip and quivering poisoned darts (lightly wounded, 60% to hit)
The puff of flame hits the kobold brigand but does no damage.
The kobold brigand is lightly wounded.
The iguana hisses angrily.
You hear an angry hiss.
Aiming: Throw Flame
Press: ? - help, Shift-Dir - straight line, f/p - kobold brigand
Aim: a kobold brigand, wielding a +0 whip and quivering poisoned darts (lightly wounded, 60% to hit)
The puff of flame misses the kobold brigand.
An adder comes into view.
Aiming: Throw Flame
Press: ? - help, Shift-Dir - straight line, f/p - kobold brigand
Aim: a kobold brigand, wielding a +0 whip and quivering poisoned darts (lightly wounded, 60% to hit)
The puff of flame misses the kobold brigand.
The kobold brigand throws a poisoned dart.
The poisoned dart closely misses you.
Aiming: Throw Flame
Press: ? - help, Shift-Dir - straight line, f/p - kobold brigand
Aim: a kobold brigand, wielding a +0 whip and quivering poisoned darts (lightly wounded, 60% to hit)
The puff of flame hits the kobold brigand.
The kobold brigand is lightly wounded.
Aiming: Throw Flame
Press: ? - help, Shift-Dir - straight line, f/p - kobold brigand
Aim: a kobold brigand, wielding a +0 whip and quivering poisoned darts (lightly wounded, 60% to hit)
The puff of flame hits the kobold brigand but does no damage.
The kobold brigand is lightly wounded.
As you read the scroll labelled TEFONELAHI, it crumbles to dust.
It is a scroll of identify.
g - 2 potions of haste The kobold brigand throws a poisoned dart.
The poisoned dart closely misses you.
You feel yourself speed up. The iguana bites you.
You die...

#.. ####
##..##..##
.........#
.........#
.........#
.........#
.........#
#@# #l#
#.SK.....#
#........#
#........#
##.......#
#.......#
#.......#
........#


You could see a kobold brigand, an iguana and an adder.

Vanquished Creatures
  An ogre (D:3)
  A scorpion (D:3)
  3 gnolls (D:3)
  2 adders
  A worm (D:2)
  A dart slug (D:3)
  3 orcs (D:3)
  4 ball pythons (D:3)
  5 endoplasms
  A giant cockroach (D:1)
  5 goblins
  3 hobgoblins
  2 bats
  6 frilled lizards
  4 kobolds
42 creatures vanquished.

Notes
Turn   | Place    | Note
-------+----------+-------------------------------------------
     0 | D:1      | lunkers the Djinni Warper began the quest for the Orb.
     0 | D:1      | Reached XP level 1. HP: 18/18 MP: 0/0
   536 | D:1      | Reached XP level 2. HP: 23/23 MP: 0/0
   552 | D:1      | Found Cefi's Jewellery Shoppe.
  1523 | D:2      | Found an ornate altar of the Wu Jian Council.
  1603 | D:2      | Reached XP level 3. HP: 22/28 MP: 0/0
  1603 | D:2      | Learned a level 1 spell: Pain
  2401 | D:2      | Noticed Sigmund
  2610 | D:3      | Noticed a scorpion
  2617 | D:3      | Killed a scorpion
  2618 | D:3      | Reached XP level 4. HP: 17/33 MP: 0/0
  2618 | D:3      | Reached XP level 5. HP: 20/38 MP: 0/0
  2618 | D:3      | Learned a level 2 spell: Corpse Rot
  2955 | D:3      | Noticed an ogre
  3000 | D:3      | Killed an ogre
  3001 | D:3      | Reached XP level 6. HP: 14/43 MP: 0/0
  4030 | D:4      | Slain by an iguana

Illustrated notes

Levels and vault maps discovered:
D:1:      dpeg_arrival_three_bigger_balls, layout_basic, serial_shops, shop,
          kennysheep_pointless_box
D:2:      layout_loops_ring, basic_altar, uniq_sigmund
D:3:      layout_basic
D:4:      layout_gridville, lemuel_doored_altar, nicolae_ossuary_entry_giza,
          serial_shops, kennysheep_little_box, nicolae_take_the_stairs,
          nicolae_shop_behind_doors, kennysheep_mini, shop, uniq_blork_the_orc,
          uniq_edmund, uniq_duvessa

Skill      XL: |  1  2  3  4  5  6 |
---------------+-------------------+-----
Unarmed Combat | 3 4 |  4.1
Spellcasting   | 3 4 |  4.1
Fighting       | |  2.0
Throwing       | |  0.7
Armour         | |  1.0
Dodging        | |  2.1

Action                   |  1- 3 |  4- 6 || total
-------------------------+-------+-------++-------
Melee: Unarmed           |    72 |     1 ||    73
Throw: Boomerang         |     1 |       ||     1
 Cast: Pain              |    27 |    44 ||    71
       Corpse Rot        |       |     3 ||     3
Evoke: Wand              |     3 |    20 ||    23
  Use: Scroll            |       |     2 ||     2
       Potion            |       |     1 ||     1
Armor: Leather armour    |    10 |     5 ||    15
Dodge: Dodged            |    35 |    38 ||    73
Block: Buckler           |     2 |     7 ||     9

Table legend: (Time is in decaauts)
 A = Elapsed time spent in this place.
 B = Non-inter-level travel time spent in this place.
 C = Inter-level travel time spent in this place.
 D = Time resting spent in this place.
 E = Time spent auto-exploring this place.
 F = Levels seen in this place.
 G = Mean time per level.
                   A        B        C        D        E       F      G
               +--------+--------+--------+--------+--------+-----+--------+
         Total |   4027 |   3952 |     75 |    564 |   2966 |   4 | 1006.8 |
       Dungeon |   4027 |   3952 |     75 |    564 |   2966 |   4 | 1006.8 |
               +--------+--------+--------+--------+--------+-----+--------+

Top non-repeatable levels by time:
     D:3: 1419 daAuts
     D:1: 1372 daAuts
     D:2: 1226 daAuts
     D:4: 8 daAuts
